 Dungeon Crawl Stone Soup version 0.23.2-40-g277498a (webtiles) character file.

Game seed: 10981306780431709193

152 zhovat1 the Magician (level 5, -2/33 HPs)
             Began as an Octopode Wizard on Aug 15, 2019.
             Killed from afar by Natasha (4 damage)
             ... with a magic dart
             ... on level 2 of the Dungeon.
             The game lasted 00:05:02 (3869 turns).

zhovat1 the Magician (Octopode Wizard)              Turns: 3869, Time: 00:05:02

Health: -2/33      AC:  2    Str:  7    XL:     5   Next: 34%
Magic:  10/10      EV: 13    Int: 21    God:
Gold:   116        SH:  0    Dex: 10    Spells: 1/11 levels left

rFire    . . .     SeeInvis .   (no weapon)
rCold    . . .     Gourm    .   (no shield)
rNeg     + . .     Faith    .   a - +1 hat
rPois    .         Spirit   .   (no amulet)
rElec    .         Reflect  .   h - ring of positive energy
rCorr    .         Harm     .   (no ring)
MR       .....                  (no ring)
Stlth    ++........             (no ring)
HPRegen  0.11/turn              (no ring)
MPRegen  0.12/turn              (no ring)
                                (no ring)
                                (no ring)

@: confused
A: almost no armour, stealthy swim, amphibious, 8 rings, constrict 8, camouflage
1, gelatinous body 1
a: no special abilities


You were on level 2 of the Dungeon.
You were not hungry.

You visited 1 branch of the dungeon, and saw 2 of its levels.

You collected 116 gold pieces.

Inventory:

Armour
 a - a +1 hat (worn)
Jewellery
 h - a ring of positive energy (left tentacle)
Scrolls
 e - a scroll of enchant armour
Potions
 f - 3 potions of cancellation
 g - a potion of haste {unknown}
 i - 2 potions of heal wounds {unknown}
 j - a potion of curing
Comestibles
 c - 3 rations


   Skills:
 + Level 1.5 Fighting
 + Level 2.6 Dodging
 + Level 3.8 Stealth
 * Level 3.8 Spellcasting
 + Level 2.0 Conjurations
 + Level 0.4 Hexes
 + Level 1.3 Summonings
 + Level 1.2 Translocations
 + Level 0.3 Fire Magic


You had one spell level left.
You knew the following spells:

 Your Spells              Type           Power        Failure   Level  Hunger
a - Magic Dart            Conj           ##..         5%          1    None
b - Blink                 Tloc           N/A          11%         2    #......
c - Slow                  Hex            #.......     16%         2    #......
d - Call Imp              Summ           #.......     11%         2    #......
e - Conjure Flame         Conj/Fire      #.......     22%         3    ###....

Your spell library contained the following spells:

 Spells                   Type           Power        Failure   Level  Hunger
 Mephitic Cloud           Conj/Pois/Air  #.......     28%         3    ###....


Dungeon Overview and Level Annotations

Branches:
Dungeon (2/15)

Altars:
Ashenzari

Annotations:
D:2 Natasha


Innate Abilities, Weirdness & Mutations

You cannot wear most types of armour.
You are very stealthy in the water. (Stealth+)
You are amphibious.
You can wear up to eight rings at the same time.
You can use your tentacles to constrict eight enemies at once.
Your skin changes colour to match your surroundings (Stealth+).
Your rubbery body absorbs attacks. (AC +1, EV +1)


Message History

Natasha howls an incantation.
Natasha's front paws start to glow.
Natasha casts a spell at you. The magic dart hits you!
The white imp gestures at you. The puff of frost hits you!
* * * LOW HITPOINT WARNING * * *
It was a potion of ambrosia.
You are confused.
You feel invigorated.
Natasha drinks a potion.
Natasha is healed!
The white imp misses you.
Natasha mumbles some strange words.
The white imp gestures at you. The puff of frost hits you.
* * * LOW HITPOINT WARNING * * *
The white imp gestures at you. The puff of frost hits you!
* * * LOW HITPOINT WARNING * * *
Natasha casts a spell at you. The magic dart hits you.
You die...

### #.#.....#.#
#.#....#..#..# #.#.....#.#
#.#........... #.#.....#.#
#............. #.#.....#.#
#.#....#.##### #.#.......#
#.#........###
#.#.....#.####.#..........รท
#..............#..#.#.##.##
#.#.......######..#......##
#.###.##.h@.....)........(.
#.###.##.5..........#..#(#.
##.......5.#######.#........
#.......5.......#####...#.#.
##.###.....###### #...#.#.
#.##......# #...#.##
#.........##########.......
####.....................##
######.##...##########...###


You could see 2 iron imps, Natasha and a white imp.

Vanquished Creatures
  Natasha (twice) (D:2)
  Jessica (D:2)
  2 adders (D:2)
  2 oozes
  A worm (D:2)
  A dart slug (D:2)
  2 leopard geckos
  A ball python (D:1)
  12 giant cockroaches (D:2)
  4 goblins
  6 hobgoblins
  3 bats
  A frilled lizard (D:1)
  A kobold (D:2)
  5 rats
44 creatures vanquished.

Notes
Turn   | Place    | Note
-------+----------+-------------------------------------------
     0 | D:1      | zhovat1 the Octopode Wizard began the quest for the Orb.
     0 | D:1      | Reached XP level 1. HP: 11/11 MP: 4/4
   175 | D:1      | Found a shattered altar of Ashenzari.
   298 | D:1      | Reached XP level 2. HP: 17/17 MP: 4/6
  1742 | D:2      | Learned a level 2 spell: Blink
  1745 | D:2      | Learned a level 2 spell: Slow
  1748 | D:2      | Learned a level 2 spell: Call Imp
  1798 | D:2      | Reached skill level 1 in Fighting
  1798 | D:2      | Reached XP level 3. HP: 21/23 MP: 0/7
  2040 | D:2      | Noticed Jessica
  2058 | D:2      | HP: 1/23 [Jessica (3)]
  2099 | D:2      | Killed Jessica
  2099 | D:2      | Reached XP level 4. HP: 5/28 MP: 0/9
  2647 | D:2      | Learned a level 3 spell: Conjure Flame
  2729 | D:2      | Noticed Natasha
  2742 | D:2      | Killed Natasha
  3244 | D:2      | Reached XP level 5. HP: 32/33 MP: 1/10
  3800 | D:2      | Noticed Natasha
  3808 | D:2      | Killed Natasha
  3858 | D:2      | Noticed Natasha
  3869 | D:2      | Killed from afar by Natasha

Skill      XL: |  1  2  3  4 |
---------------+-------------+-----
Stealth        | 3 |  3.8
Fighting       | 1 |  1.5
Conjurations   | 2 |  2.0
Dodging        | |  2.6
Spellcasting   | |  3.8
Hexes          | |  0.4
Summonings     | |  1.3
Translocations | |  1.2
Fire Magic     | |  0.3

Action                   |  1- 3 |  4- 6 || total
-------------------------+-------+-------++-------
Melee: Unarmed           |    51 |    69 ||   120
       Constrict         |    10 |    19 ||    29
       Tentacles         |     7 |     8 ||    15
 Cast: Magic Dart        |    40 |    48 ||    88
       Slow              |     1 |     1 ||     2
       Call Imp          |     1 |     1 ||     2
  Use: Scroll            |     4 |     2 ||     6
       Potion            |     2 |     1 ||     3
 Stab: Sleeping          |     4 |     1 ||     5
  Eat: Chunk             |     3 |     6 ||     9
Armor: Skin              |     8 |    13 ||    21
Dodge: Dodged            |    50 |    46 ||    96
